 Dungeon Crawl Stone Soup version 0.20-a0-839-gdaf5c57 (webtiles) character file.

47 Amciq the Skirmisher (level 3, -3/24 HPs)
             Began as a Gargoyle Berserker on Mar 8, 2017.
             Was a Believer of Trog.
             Slain by a gnoll
             ... wielding a cursed -2 spear
              (5 damage)
             ... on level 2 of the Dungeon.
             The game lasted 00:04:20 (1691 turns).

Amciq the Skirmisher (Gargoyle Berserker)           Turns: 1691, Time: 00:04:22

Health: -3/24      AC:  5    Str: 20    XL:     3   Next: 70%
Magic:  3/3        EV: 17    Int:  7    God:    Trog [**....]
Gold:   78         SH:  0    Dex: 15    Spells: 2/2 levels left

rFire    . . .     SeeInvis .   a - +0 mace
rCold    . . .     Gourm    .   b - +0 animal skin
rNeg     + . .     Faith    .   (no shield)
rPois    ∞         Spirit   .   (no helmet)
rElec    +         Reflect  .   (no cloak)
rCorr    .         Harm     .   (no gloves)
MR       .....                  (no boots)
Stlth    +++.......             (no amulet)
Regen    0.1/turn               (no ring)
MPRegen  0.1/turn               (no ring)

@: agile
A: negative energy resistance 1, electricity resistance, unbreathing,
petrification resistance, rot immunity, AC +3
a: Berserk, Trog's Hand, Burn Spellbooks, Renounce Religion


You were on level 2 of the Dungeon.
You worshipped Trog.
Trog was pleased with you.
You were not hungry.

You visited 1 branch of the dungeon, and saw 3 of its levels.

You collected 78 gold pieces.

Inventory:

Hand Weapons
 a - a +0 mace (weapon)
Armour
 b - a +0 animal skin (worn)
Scrolls
 h - 2 scrolls of blinking {unknown}
 i - 4 scrolls of teleportation {unknown}
 m - a scroll of immolation {unknown}
 n - 2 scrolls of identify {unknown}
 p - a scroll of remove curse {unknown}
Potions
 k - 2 potions of agility
 o - 2 potions of might {unknown}
 q - a potion of curing {unknown}
 r - a potion of berserk rage {unknown}
Comestibles
 c - 3 bread rations
 f - 2 royal jellies
 l - a meat ration


   Skills:
 * Level 3.7 Fighting
 * Level 3.4 Maces & Flails
 * Level 2.6 Armour
 + Level 1.9 Dodging
 * Level 1.3 Stealth


You had 2 spell levels left.
You didn't know any spells.

Dungeon Overview and Level Annotations

Branches:
Dungeon (3/15)

Altars:


Innate Abilities, Weirdness & Mutations

You are resistant to torment.
Your stone body is resilient. (AC +3)
You are immune to poison.
You resist negative energy. (rN+)
You are resistant to electric shocks. (rElec)
You can survive without breathing.
You are immune to petrification.
You are immune to rotting.


Message History

You climb downwards.
The gnoll misses you.
The gnoll hits you with a halberd of flaming!
The gnoll burns you. The gnoll hits you but does no damage.
There is a stone staircase leading up here.
The gnoll closely misses you. The gnoll hits you but does no damage.
The gnoll hits you with a halberd of flaming.
The gnoll burns you.
You climb upwards.
There is a stone staircase leading down here.
You are too injured to fight recklessly!
You are too injured to fight recklessly!
It was a potion of agility.
You feel agile all of a sudden. The gnoll hits you with a halberd!
* * * LOW HITPOINT WARNING * * *
The gnoll misses you. x2
The gnoll hits you but does no damage. The gnoll misses you. x2
The gnoll completely misses you.
The gnoll hits you from afar with an enchanted spear.
You die...

########## #........#
#........# #........#
#........# #.......)#
#........###############
#........##.............
#......@................
#...g....##.............
#....gg..##.............
#........##.............
#.>.....................
#........##............)
#####'######....#....###
#.......###.####....
#######.#.........#'


You could see 3 gnolls.

Vanquished Creatures
  A gnoll (D:2)
  An adder (D:2)
  An ooze (D:2)
  2 leopard geckos (D:2)
  An orc (D:3)
  A ball python (D:1)
  2 goblins (D:1)
  3 hobgoblins (D:2)
  3 bats
  4 kobolds
  5 rats
24 creatures vanquished.

Notes
Turn   | Place    | Note
-------+----------+-------------------------------------------
     0 | D:1      | Amciq the Gargoyle Berserker began the quest for the Orb.
     0 | D:1      | Reached XP level 1. HP: 14/14 MP: 1/1
   578 | D:1      | Reached XP level 2. HP: 18/19 MP: 2/2
   895 | D:2      | Reached skill level 1 in Stealth
  1191 | D:2      | Reached XP level 3. HP: 14/23 MP: 3/3
  1310 | D:3      | Reached ** piety under Trog
  1370 | D:2      | HP: 1/23 [gnoll (7)]
  1686 | D:2      | HP: 1/24 [gnoll/halberd (8)]
  1691 | D:2      | Slain by a gnoll

Vault maps used:
D:1:      lemuel_arrival_tunnels
D:3:      nicolae_qazlal_style_of_elements, hangedman_decor_opposing

Skill      XL: |  1  2 |
---------------+-------+-----
Stealth        | 1 |  1.3
Fighting       | |  3.7
Maces & Flails | |  3.4
Armour         | |  2.6
Dodging        | |  1.9

Action                   || total
-------------------------++-------
Melee: Mace              ||    77
  Use: Potion            ||     4
  Eat: Chunk             ||     2
Armor: Animal skin       ||    30
Dodge: Dodged            ||    59
